 Dungeon Crawl Stone Soup version 0.20.1-1-g8b1a95d66d (webtiles) character file.

32 Gargoyl the Skirmisher (level 3, 0/46 HPs)
             Began as a Centaur Abyssal Knight on Nov 24, 2017.
             Was a Follower of Lugonu.
             Succumbed to an adder's poison
             ... on level 1 of the Dungeon.
             The game lasted 00:01:48 (682 turns).

Gargoyl the Skirmisher (Centaur Abyssal Knight)      Turns: 682, Time: 00:01:48

Health: 0/46       AC: 10    Str: 19    XL:     3   Next: 10%
Magic:  4/4        EV:  3    Int: 11    God:    Lugonu [*.....]
Gold:   66         SH:  0    Dex:  9    Spells: 2/2 levels left

rFire    + . .     SeeInvis .   a - +1 hand axe
rCold    . . .     Gourm    .   (no shield)
rNeg     . . .     Faith    .   f - +2 plate armour {rF+}
rPois    .         Spirit   .   (no helmet)
rElec    .         Reflect  .   (no cloak)
rCorr    .         Harm     .   (no gloves)
MR       .....                  (no barding)
Stlth    ..........             (no amulet)
Regen    0.2/turn               (no ring)
MPRegen  0.1/turn               (no ring)

@: berserking, lethally poisoned (0 -> -7), very quick
A: hooves 3, deformed body, speed 2, tough skin 3
a: Depart the Abyss, Renounce Religion


You were on level 1 of the Dungeon.
You worshipped Lugonu.
Lugonu was aware of your devotion.
You were not hungry.

You visited 1 branch of the dungeon, and saw 1 of its levels.
You visited the Abyss 1 time.

You collected 66 gold pieces.

Inventory:

Hand Weapons
 a - a +1 hand axe (weapon)
Missiles
 k - 6 poisoned javelins (quivered)
Armour
 b - a +0 leather armour
 f - a +2 plate armour of fire resistance (worn)
Scrolls
 i - a scroll of recharging {unknown}
 j - 3 scrolls of remove curse {unknown}
 l - a scroll of enchant armour {unknown}
 m - 2 scrolls of identify {unknown}
Potions
 e - a potion of degeneration {unknown}
Comestibles
 c - a bread ration
 g - a meat ration
 h - 3 fruits


   Skills:
 + Level 3.3 Fighting
 + Level 2.2 Axes
 * Level 1.8 Armour
 + Level 0.7 Dodging
 * Level 2.3 Invocations


You had 2 spell levels left.
You didn't know any spells.

Dungeon Overview and Level Annotations

Branches:
Dungeon (1/15)

Altars:


Innate Abilities, Weirdness & Mutations

You have hooves in place of feet.
Armour fits poorly on your strangely shaped body.
You cover ground very quickly.
You have extremely tough skin. (AC +3)


Message History

* * * LOW HITPOINT WARNING * * *
You feel sick. The adder bites you but does no damage. The adder bites you.
* * * LOW HITPOINT WARNING * * *
You are more poisoned.
The adder poisons you!
It was a potion of berserk rage.
A red film seems to cover your vision as you go berserk!
You feel yourself moving faster!
You feel mighty!
* * * LOW HITPOINT WARNING * * *
You feel sick. The adder bites you but does no damage.
You are too berserk!
You miss the adder. You kick the adder.
You kill the adder!
Lugonu accepts your kill.
You have reached level 3!
Your experience leads to an increase in your attributes!
Your base attributes are Str 14, Int 11, Dex 8.
Increase (S)trength, (I)ntelligence, or (D)exterity?
You feel agile.
You die...

#..........†......##
#..........##.....##
+..........########
#.(........#
#.†........#
#..........#
#.†........#
#..........#
#.†@.......#
#..........
#)...?.....
#####.###.. .# . ##


There were no monsters in sight!

Vanquished Creatures
  An adder (D:1)
  An ooze (D:1)
  A dart slug (D:1)
  A giant cockroach (D:1)
  3 goblins (D:1)
  3 hobgoblins (D:1)
  4 kobolds (D:1)
  A bat (D:1)
  2 rats (D:1)
17 creatures vanquished.

Notes
Turn   | Place    | Note
-------+----------+-------------------------------------------
     0 | Abyss:1  | Gargoyl the Centaur Abyssal Knight began the quest for the Orb.
     0 | Abyss:1  | Reached XP level 1. HP: 19/19 MP: 2/2
     1 | Abyss:1  | Found a corrupted altar of Lugonu.
   147 | Abyss:2  | Noticed a spatial maelstrom
   157 | Abyss:2  | Noticed a smoke demon
   158 | Abyss:2  | Noticed a spatial vortex
   158 | D:1      | Escaped the Abyss
   311 | D:1      | Reached * piety under Lugonu
   330 | D:1      | Reached XP level 2. HP: 26/26 MP: 3/3
   679 | D:1      | HP: 1/26 [adder (3)]
   681 | D:1      | Reached XP level 3. HP: 1/31 MP: 4/4
   682 | D:1      | Succumbed to an adder's poison

Skill      XL: |  1  2 |
---------------+-------+-----
Axes           | 2 |  2.2
Fighting       | |  3.3
Armour         | |  1.8
Dodging        | |  0.7
Invocations    | |  2.3

Action                   || total
-------------------------++-------
Melee: Hand axe          ||    44
       Kick              ||     7
Invok: Depart the Abyss  ||     1
  Use: Scroll            ||     1
       Potion            ||     1
Armor: Plate armour      ||    57
Dodge: Dodged            ||     3
